 Dungeon Crawl Stone Soup version 0.30-a0-847-g17996783a1 (webtiles) character file.

Game seed: 9670691938239770825

20046 FexLirch the Black Sun (level 12, -4/91 HPs)
             Began as a Mummy Necromancer on Mar 3, 2023.
             Was a High Priest of Kikubaaqudgha.
             Killed from afar by Azrael (49 damage)
             ... with a fireball
             ... on level 13 of the Dungeon.
             The game lasted 00:52:25 (13055 turns).

FexLirch the Black Sun (Mummy Necromancer)         Turns: 13055, Time: 00:52:26

Health: -4/91      AC: 13    Str: 11    XL:     12   Next: 41%
Magic:  28/28      EV: 14    Int: 19    God:    Kikubaaqudgha [*****.]
Gold:   434        SH:  5    Dex: 16    Spells: 10/35 levels left

rFire   x . .      SeeInvis .    G - +10 spear of Memoot {spect, rN+}
rCold   + . .      Faith    +    j - +0 buckler
rNeg    + + +      Spirit   .    g - +2 leather armour {Will+}
rPois   ∞          Reflect  .    (no helmet)
rElec   .          Rampage  .    y - +1 cloak {Stlth+}
rCorr   +                        r - +0 pair of gloves
Will    +++..                    J - +0 pair of boots
Stlth   ++                       i - amulet of the acrobat
HPRegen 0.35/turn                B - ring of resist corrosion
MPRegen 0.21/turn                K - ring "Jatseoss" {Will+ AC+4 Dex+3 Stlth-}

@: about to teleport
A: cold resistance 1, negative energy resistance 3, torment resistance 2, heat
vulnerability 1, in touch with death 1, no potions, faith
a: Renounce Religion, Unearth Wretches, Torment


You were on level 13 of the Dungeon.
You worshipped Kikubaaqudgha.
Kikubaaqudgha was extremely pleased with you.
You visited 2 branches of the dungeon, and saw 14 of its levels.

You collected 812 gold pieces.
You spent 378 gold pieces at shops.

Inventory:

Hand Weapons
 C - a +4 hand axe
 E - a +0 glaive
 F - a +4 war axe of freezing
 G - the +10 spear of Memoot (weapon) {spect, rN+}
   (You bought it in a shop on level 7 of the Dungeon)

   rN:        It protects you from negative energy.
 L - the +8 morningstar of Nemelex Xobeh's Fury {heavy, Str+8}
   (You took it off a centaur warrior on level 10 of the Dungeon)

   Str:       It affects your strength (+8).
 O - the +12 flail "Sarcophage" {protect, rC+}
   (You found it on level 13 of the Dungeon)

   rC:        It protects you from cold.
Missiles
 f - 48 stones
 u - 8 boomerangs
 x - 47 poisoned darts
 H - 2 silver boomerangs
Armour
 g - a +2 leather armour of willpower (worn)
 h - a +0 tower shield
 j - a +0 buckler (worn)
 r - a +0 pair of gloves (worn)
 y - a +1 cloak of stealth (worn)
 J - a +0 pair of boots (worn)
Magical Staves
 l - a staff of conjuration
 m - a staff of death
 z - a staff of fire
Jewellery
 b - a +4 ring of protection
 i - an amulet of the acrobat (around neck)
 B - a ring of resist corrosion (left hand)
 K - the ring "Jatseoss" (right hand) {Will+ AC+4 Dex+3 Stlth-}
   (You found it on level 10 of the Dungeon)

   [ring of protection]

   AC:        It affects your AC (+4).
   Dex:       It affects your dexterity (+3).
   Will:      It increases your willpower.
   Stlth:     It makes you less stealthy.
Wands
 v - a wand of quicksilver (4)
 w - a wand of charming (19)
 I - a wand of flame (2)
 N - a wand of iceblast (5)
Scrolls
 a - 3 scrolls of vulnerability
 c - 3 scrolls of noise
 d - 3 scrolls of fear
 e - 6 scrolls of teleportation
 k - 3 scrolls of fog
 n - 2 scrolls of enchant weapon
 o - 2 scrolls of summoning
 p - a scroll of magic mapping
 q - 6 scrolls of enchant armour
 s - a scroll of amnesia
 t - 8 scrolls of identify
 A - 2 scrolls of torment
 D - a scroll of brand weapon
 M - 2 scrolls of immolation


   Skills:
 + Level 7.3 Fighting
 - Level 0.3 Maces & Flails
 + Level 5.2 Polearms
 + Level 6.3 Dodging
 - Level 1.5 Stealth
 + Level 3.8 Shields
 + Level 12.4 Spellcasting
 * Level 13.2 Necromancy


You had 10 spell levels left.
You knew the following spells:

 Your Spells              Type           Power      Damage    Failure   Level
a - Necrotise             Necr           100%       1d9       1%          1
b - Vampiric Draining     Necr           75%        2d11      1%          3
c - Animate Dead          Necr           75%        N/A       1%          4
d - Blink                 Tloc           22%        N/A       16%         2
e - Agony                 Necr           75%        N/A       1%          5
f - Dispel Undead         Necr           75%        3d25      1%          4
g - Death Channel         Necr           37%        N/A       7%          6

Your spell library contained the following spells:

 Spells                   Type           Power      Damage    Failure   Level
 Kiss of Death            Conj/Necr      100%       2d13      1%          1
 Cigotuvi's Dreadful Rot  Necr/Pois/Air  84%        N/A       2%          2
 Freeze                   Ice            44%        1d6       10%         1
 Sting                    Tmut/Pois      44%        1d5       10%         1
 Lesser Beckoning         Tloc           22%        N/A       16%         2
 Momentum Strike          Conj/Tloc      22%        3d8       16%         2
 Poisonous Vapours        Pois/Air       22%        N/A       16%         2
 Borgnjor's Vile Clutch   Necr/Erth      26%        N/A       19%         5
 Frozen Ramparts          Ice            22%        1d4       30%         3
 Hailstorm                Conj/Ice       11%        3d5       30%         3
 Kindle Blastsparks       Fire/Tloc/Air  22%        2d11      30%         3
 Vhi's Electric Charge    Tloc/Air       22%        N/A       30%         3
 Animate Armour           Summ/Erth      22%        N/A       69%         4
 Fulminant Prism          Conj/Hex       5%         3d6       69%         4
 Iskenderun's Mystic Bla  Conj/Tloc      11%        2d4       69%         4
 Olgreb's Toxic Radiance  Pois           11%        N/A       69%         4
 Arcjolt                  Conj/Air       5%         1d15      95%         5
 Lee's Rapid Deconstruct  Erth           5%         3d6*      95%         5
 Iron Shot                Conj/Erth      5%         9d2       100%        6
 Maxwell's Capacitive Co  Air            5%         ∞         100%        8
 Blade Hands              Tmut           Unusable   N/A       N/A         5

Dungeon Overview and Level Annotations

Branches:
Dungeon (13/15)            Temple (1/1) D:5            Lair (0/5) D:10
    Orc (0/2) D:11
 Vaults: D:13-14

Altars:
Ashenzari
Cheibriados
Dithmenos
Fedhas
Gozag
Kikubaaqudgha
Makhleb
Nemelex Xobeh
Okawaru
Qazlal
Ru
Sif Muna
Trog
Uskayaw
Vehumet
Wu Jian
Xom
Yredelemnul

Shops:
D:1 =   D:4 ?   D:7 (

Portals:
Trove: D:12 (show slimy rune of Zot)

Annotations:
D:13 Azrael


Innate Abilities, Weirdness & Mutations

You are immune to poison.
Your flesh is cold resistant. (rC+)
You are immune to negative energy. (rN+++)
You are immune to unholy pain and torment.
You are vulnerable to heat. (rF-)
You are in touch with the powers of death.
You do not drink.
You have a special connection with the divine. (Faith)


Message History

Really walk into a travel-excluded area? [Y]es or [N]o only, please.
Really walk into a travel-excluded area?
Okay, then.
Found a book of Dreams.
Press: ? - help, v - describe, . - travel, g - get item Item here: a book of Dreams.
The floor.
There is a cloud of flame here.
Unknown command.
You see here a +0 long sword.
Found a brightly glowing flail.
You see here the +12 flail "Sarcophage" {protect, rC+}.
O - the +12 flail "Sarcophage" {protect, rC+} You swap places.
You swap places.
You swap places.
You open the door.
There is an open door here.
The hell hound barks!
You hear a bark!
Azrael gestures at you.
The sphere of damnation explodes!
The damnation engulfs you!!
The damnation engulfs your centaur warrior zombie!!!
Azrael gestures at you.
The sphere of damnation explodes!
The damnation engulfs you!
The damnation engulfs your centaur warrior zombie!!
As you read the scroll of teleportation, it crumbles to dust.
You feel strangely unstable. Azrael gestures at you.
The fireball explodes!
The fireball engulfs your centaur warrior zombie!!
Your centaur warrior zombie is destroyed!
The fireball engulfs the fire elemental.
The fire elemental completely resists.
The fireball engulfs the hell hound.
The hell hound completely resists.
The fireball engulfs Azrael.
Azrael completely resists.
The fireball engulfs you!!! The fire burns you terribly!
Ouch! That really hurt!
You die...
Kikubaaqudgha rasps: "You have failed me!
Welcome... oblivion!"

#..#.#..##°§Z.#Z.
#.#..#..#.)...##°..#..
....##Z#.#.......##..
○..°#.#.##...)###.##
..○#....##)....Z...
#h☼#.Z.#........... #
#ER#...##>.........
#..#..##Z####..#######
#...h@Z.....'..##.....
#...........#...#..##.
#........##.#...#..##.
#........##.#...#.....
#..........Z#####.....
#...........# ######
#........##.# #
#...#....##.# #
#...#....##.# #


You could see Azrael (ally target), a fire elemental, 2 hell hounds, a friendly
manticore zombie and a friendly two-headed ogre zombie.

Vanquished Creatures
  2 centaur warriors
  Erica (D:10)
  A boulder beetle (D:11)
  2 two-headed ogres
  A tengu warrior (D:11)
  A skeletal warrior (D:10)
  An orc knight (D:11)
  A wizard (D:11)
  A deep elf pyromancer (D:12)
  An ugly thing (D:12)
  2 cyclopes
  A cyclops (shapeshifter) (D:10)
  A gargoyle (D:11)
  Psyche (D:9)
  A kobold demonologist (D:10)
  A komodo dragon (D:10)
  An efreet (D:10)
  The ghost of Nabski the Firebug, a novice TeFE (D:4)
  Grinder (D:3)
  4 slime creatures
  2 shadows
  5 wraiths
  3 wyverns
  5 yaks
  Eustachio (D:4)
  3 basilisks
  2 steam dragons
  A vampire mosquito (D:10)
  An acid dragon (D:11)
  4 water moccasins
  Duvessa (D:4)
  10 orc warriors
  2 black bears
  2 sky beasts
  The ghost of Valamore the Slasher, an amateur DsMo (D:3)
  5 centaurs
  3 kobold brigands
  3 bullfrogs
  3 scorpions
  13 wights
  Dowan (D:4)
  4 killer bees (D:10)
  A crimson imp (D:9)
  3 howler monkeys
  A jelly (D:7)
  8 orc priests
  3 hounds
  Crazy Yiuf (D:5)
  Jessica (D:2)
  A sleepcap (D:8)
  2 iguanas
  8 orc wizards
  2 human simulacra (D:13)
  7 gnolls
  7 adders
  A shadow imp (D:6)
  A white imp (D:7)
  A worm (D:2)
  4 dart slugs
  44 orcs
  6 endoplasms
  4 giant cockroaches
  12 hobgoblins
  2 jackals (D:4)
  2 quokkas
  4 ball pythons
  5 bats
  2 frilled lizards
  3 goblins
  17 kobolds
  8 rats
262 creatures vanquished.

Vanquished Creatures (collateral kills)
  A two-headed ogre (D:13)
  An orc knight (D:11)
  A manticore (D:13)
  A kobold demonologist (D:10)
  A shadow (D:11)
  3 yaks (D:11)
  An acid dragon (D:13)
  A black bear (D:10)
  5 orc warriors
  A bullfrog (D:7)
  5 wights (D:7)
  A killer bee (D:10)
  A jelly (D:7)
  10 orcs
  An endoplasm (D:3)
  2 goblins
  A hobgoblin (D:5)
  2 jackals
  A ball python (D:1)
40 creatures vanquished.

Vanquished Creatures (others)
  A centaur warrior (D:13)
  A tengu warrior (D:7)
  A manticore (D:13)
  A troll (D:7)
  A tengu zombie (D:11)
  A human zombie (D:11)
  A komodo dragon zombie (D:10)
  A water moccasin zombie (D:11)
  A troll zombie (D:7)
  3 yak zombies
  A killer bee (D:7)
  2 centaur zombies
  A basilisk zombie (D:11)
  A black bear zombie (D:10)
  A hound (D:6)
  An iguana (D:13)
  A scorpion zombie (D:10)
  3 killer bee zombies
  An acid dragon zombie (D:13)
  A hound zombie (D:6)
  A gnoll (D:13)
  A steam dragon zombie (D:8)
  An iguana zombie (D:13)
  A jelly zombie (D:7)
  A worm (D:6)
  An orc (D:4)
  A bat zombie (D:7)
  A giant cockroach (D:7)
  A bat (D:7)
  A frilled lizard zombie (D:3)
  5 kobold zombies
  29 orc zombies
  17 fungi (D:10)
  18 plants
104 creatures vanquished.

Grand Total: 406 creatures vanquished

Notes
Turn   | Place    | Note
-------+----------+-------------------------------------------
     0 | D:1      | FexLirch the Mummy Necromancer began the quest for the Orb.
     0 | D:1      | Reached XP level 1. HP: 13/13 MP: 4/4
   236 | D:1      | Reached XP level 2. HP: 19/19 MP: 3/6
   340 | D:1      | Found Jonkimav's Jewellery Shop.
   825 | D:2      | Found a faded altar of an unknown god.
   834 | D:2      | Gained mutation: You are in touch with the powers of death.
                  | [Mummy growth]
   834 | D:2      | Reached XP level 3. HP: 24/24 MP: 5/8
   941 | D:2      | Noticed Jessica
   956 | D:2      | Killed Jessica
  1117 | D:2      | Reached XP level 4. HP: 29/30 MP: 2/10
  1426 | D:2      | Learned a level 3 spell: Vampiric Draining
  1431 | D:2      | Learned a level 4 spell: Animate Dead
  1583 | D:3      | Found a stormy altar of Qazlal.
  1641 | D:3      | Found an ancient bone altar of Kikubaaqudgha.
  1650 | D:3      | Became a worshipper of Kikubaaqudgha
  1761 | D:3      | Found a large runed translucent door.
  1761 | D:3      | Found a large runed translucent door.
  1859 | D:3      | Reached skill level 5 in Necromancy
  1916 | D:3      | Noticed Grinder
  2196 | D:4      | Found Mutef Wycluo's Magic Scroll Shop.
  2199 | D:4      | Noticed a black bear
  2206 | D:5      | Entered Level 5 of the Dungeon
  2213 | D:4      | Found a runed translucent door.
  2213 | D:4      | Noticed a bullfrog
  2214 | D:4      | Noticed Nabski's ghost (novice TeFE)
  2253 | D:4      | Killed a black bear
  2254 | D:4      | Reached skill level 5 in Spellcasting
  2254 | D:4      | Reached XP level 5. HP: 35/35 MP: 4/12
  2270 | D:4      | Reached XP level 6. HP: 39/41 MP: 4/14
  2283 | D:4      | Killed Nabski's ghost
  2284 | D:4      | Reached skill level 6 in Necromancy
  2385 | D:4      | Bought a scroll of fog for 48 gold pieces
  2385 | D:4      | Bought a scroll of enchant armour for 90 gold pieces
  2424 | D:4      | Reached XP level 7. HP: 46/46 MP: 14/17
  2461 | D:4      | Reached * piety under Kikubaaqudgha
  2461 | D:4      | Received a gift from Kikubaaqudgha
  2796 | D:5      | Found a staircase to the Ecumenical Temple.
  2805 | Temple   | Entered the Ecumenical Temple
  2822 | D:5      | Noticed Eustachio
  2934 | D:4      | Killed Eustachio
  2935 | D:4      | Reached skill level 7 in Necromancy
  3167 | D:5      | Learned a level 2 spell: Blink
  3229 | D:5      | Found an opulent altar of Gozag.
  3229 | D:5      | Found a sparkling altar of Nemelex Xobeh.
  3363 | D:5      | Found a sacrificial altar of Ru.
  3504 | D:4      | Noticed Dowan
  3506 | D:4      | Noticed Duvessa
  3659 | D:5      | Found a runed translucent door.
  3660 | D:5      | Noticed Crazy Yiuf
  3666 | D:5      | Killed Crazy Yiuf
  3836 | D:5      | Found a snail-covered altar of Cheibriados.
  3994 | D:6      | Reached XP level 8. HP: 36/52 MP: 11/20
  4109 | D:6      | Reached skill level 8 in Necromancy
  4400 | D:6      | Learned a level 5 spell: Agony
  4670 | D:7      | Found Piapuile's Antique Weapon Boutique.
  4725 | D:7      | Found Moavemn's Mayhem Merchandise.
  4728 | D:7      | Reached ** piety under Kikubaaqudgha
  4748 | D:7      | Reached skill level 1 in Fighting
  5130 | D:6      | Reached skill level 9 in Necromancy
  5530 | D:7      | Reached XP level 9. HP: 55/62 MP: 15/22
  6009 | D:7      | Bought a shimmering spear for 240 gold pieces
  6009 | D:7      | Identified the +10 spear of Memoot {spect, rN+} (You bought
                  | it in a shop on level 7 of the Dungeon)
  6175 | D:4      | Killed Duvessa
  6178 | D:4      | Killed Dowan
  6485 | D:3      | Found a broken altar of Ashenzari.
  6530 | D:3      | Found an ornate altar of the Wu Jian Council.
  6886 | D:3      | Killed Grinder
  6887 | D:3      | Reached skill level 1 in Polearms
  6887 | D:3      | Reached skill level 10 in Spellcasting
  7039 | D:3      | Noticed Valamore's ghost (amateur DsMo)
  7052 | D:3      | Killed Valamore's ghost
  7052 | D:3      | Reached *** piety under Kikubaaqudgha
  7052 | D:3      | Received a gift from Kikubaaqudgha
  7058 | D:3      | Learned a level 4 spell: Dispel Undead
  7065 | D:3      | Learned a level 6 spell: Death Channel
  7267 | D:8      | Reached skill level 10 in Necromancy
  7683 | D:8      | Reached XP level 10. HP: 61/72 MP: 24/24
  8163 | D:9      | Reached **** piety under Kikubaaqudgha
  8471 | D:9      | Found a burning altar of Makhleb.
  8471 | D:9      | Found a shimmering altar of Xom.
  8573 | D:9      | Noticed Psyche
  8594 | D:9      | Killed Psyche
  8959 | D:10     | Entered Level 10 of the Dungeon
  8993 | D:10     | Reached skill level 11 in Necromancy
  9103 | D:10     | Noticed Erica
  9137 | D:10     | Reached skill level 5 in Fighting
  9269 | D:10     | Found a staircase to the Lair.
  9305 | D:10     | Identified the ring "Jatseoss" {Will+ AC+4 Dex+3 Stlth-}
  9399 | D:10     | Found a radiant altar of Vehumet.
  9402 | D:10     | Found a blossoming altar of Fedhas.
  9487 | D:10     | Reached skill level 5 in Dodging
  9508 | D:10     | Killed Erica
  9509 | D:10     | Reached skill level 1 in Shields
  9509 | D:10     | Reached XP level 11. HP: 76/80 MP: 13/26
  9934 | D:10     | Identified the +8 morningstar of Nemelex Xobeh's Fury
                  | {heavy, Str+8}
  9934 | D:10     | Noticed a centaur warrior
  9938 | D:10     | Killed a centaur warrior
  9940 | D:10     | Noticed a skeletal warrior
  9944 | D:10     | Killed a skeletal warrior
 10108 | D:10     | Reached skill level 12 in Necromancy
 10377 | D:10     | Noticed a sun demon
 10451 | D:10     | Noticed a two-headed ogre
 10461 | D:10     | Killed a two-headed ogre
 10682 | D:11     | Noticed an orc knight
 10696 | D:11     | Noticed an orc knight
 10704 | D:11     | Killed an orc knight
 10723 | D:11     | Found a staircase to the Orcish Mines.
 10740 | D:11     | Killed an orc knight
 11073 | D:11     | Noticed a boulder beetle
 11105 | D:11     | Killed a boulder beetle
 11105 | D:11     | Reached ***** piety under Kikubaaqudgha
 11265 | D:11     | Reached XP level 12. HP: 71/89 MP: 10/28
 11659 | D:12     | Found a portal to a secret trove of treasure.
 11935 | D:12     | Noticed a two-headed ogre
 11955 | D:12     | Killed a two-headed ogre
 12088 | D:12     | Reached skill level 5 in Polearms
 12519 | D:12     | Reached skill level 13 in Necromancy
 12598 | D:13     | Noticed Azrael
 12736 | D:13     | Noticed a centaur warrior
 12746 | D:13     | Killed a centaur warrior
 12761 | D:13     | Noticed a two-headed ogre
 12771 | D:13     | Killed a two-headed ogre
 13040 | D:13     | Identified the +12 flail "Sarcophage" {protect, rC+}
 13055 | D:13     | Killed from afar by Azrael

Illustrated notes

Levels and vault maps discovered:
D:1:      tarquinn_simple_flora_water_e, layout_rooms, serial_shops, shop
D:2:      layout_loops_cross, chequers_ecumenical_altar_simple_redux,
          uniq_jessica
D:3:      layout_basic, mainiacjoe_overflow_small_starburst,
          kiku_gazebo_pond_becter, nicolae_qazlal_scattered_showers,
          nicolae_wu_jian_wuxing_cycle, ebering_ghost_disaster_area,
          lexackson_kobold_supper, uniq_grinder
D:4:      layout_basic, serial_shops, nicolae_shop_crystal,
          ebering_ghost_sewer_d, uniq_duvessa
D:5:      layout_loops_cross, grunt_temple_overflow_opulence,
          kennysheep_slug_shrine, nicolae_ru_great_annihilating_truth,
          minmay_temple_entry_mini_moons, chequers_serial_rivers_micro_a,
          uniq_eustachio, uniq_crazy_yiuf_cottage
D:6:      layout_rooms, hangedman_abyss_or_decor_stagger
D:7:      layout_cave_pools, serial_shops, nicolae_inconvenience_store,
          serial_column_ruins, column_ruins_open_large, column_ruins_grid_1,
          column_ruins_open_tiny, column_ruins_grid_1, column_ruins_grid_1,
          column_ruins_columns_corner, column_ruins_open_small, dk_vineyard_3,
          minmay_shop_mayhem
D:8:      layout_basic, special_room [special_room_orc]
D:9:      layout_irregular_city, grunt_temple_overflow_champion_of_chaos,
          grunt_ministairs_13, minmay_misc_feat_x, uniq_psyche
D:10:     nzn_winding_woodlands_cross [nzn_winding_woodlands_5x15_twine,
          nzn_winding_woodlands_5x15_pockets,
          nzn_winding_woodlands_5x15_longhouse,
          nzn_winding_woodlands_5x15_concentric,
          nzn_winding_woodlands_15x15_thick_spiral], layout_stronghold,
          chequers_temple_overflow_statue_of_worship,
          grunt_lair_entry_orc_guard_hut, uniq_erica
D:11:     layout_cave_pools, david_orc_5, serial_rivers,
          chequers_serial_rivers_small_3, chequers_serial_rivers_small_b,
          chequers_serial_rivers_micro_a, chequers_serial_rivers_room_b,
          chequers_serial_rivers_room_b, chequers_serial_rivers_micro_b
D:12:     layout_stronghold, enter_trove_2
D:13:     layout_stronghold, lightli_vaults_fourway_checkpoint,
          minmay_misc_feat_plants, bh_circular_ruins, uniq_azrael,
          uniq_josephine
Temple:   nicolae_temple_cloud_nine

Skill      XL: |  1  2  3  4  5  6  7  8  9 10 11 12 |
---------------+-------------------------------------+-----
Spellcasting   | 3 4 5 6 8 9 10 11 12 | 12.4
Necromancy     | 5 6 7 9 10 11 12 13 | 13.2
Fighting       | 2 4 5 6 7 |  7.3
Dodging        | 2 4 5 6 |  6.3
Polearms       | 2 3 4 5 |  5.2
Shields        | 1 3 |  3.8
Maces & Flails | |  0.3
Stealth        | |  1.5

Action                     |  1- 3 |  4- 6 |  7- 9 | 10-12 || total
---------------------------+-------+-------+-------+-------++-------
  Melee: Unarmed           |     2 |       |       |       ||     2
         Short sword       |     7 |       |       |       ||     7
         Falchion          |       |    11 |     7 |       ||    18
         Spear             |       |       |   256 |   317 ||   573
         Staff             |       |       |     1 |       ||     1
         Punch             |       |       |       |     2 ||     2
  Throw: Throwing net      |       |     1 |       |       ||     1
         Stone             |       |     2 |       |       ||     2
         Dart              |       |       |       |     3 ||     3
   Cast: Necrotise         |    58 |    51 |   167 |    56 ||   332
         Vampiric Draining |       |       |    12 |    15 ||    27
         Animate Dead      |       |       |     5 |     7 ||    12
         Agony             |       |       |     2 |    19 ||    21
         Blink             |       |       |     1 |     2 ||     3
         Death Channel     |       |       |     2 |     9 ||    11
         Dispel Undead     |       |       |       |     2 ||     2
 Invoke: Unearth Wretches  |       |       |     3 |     3 ||     6
  Evoke: Wand              |       |       |       |     3 ||     3
    Use: Scroll            |     3 |     1 |     6 |     2 ||    12
   Stab: Distracted        |       |     1 |     3 |     6 ||    10
         Paralysed         |       |       |     2 |     3 ||     5
         Sleeping          |       |       |     3 |     5 ||     8
 Armour: Leather armour    |     4 |    14 |   145 |    81 ||   244
  Dodge: Dodged            |     8 |    13 |   261 |   170 ||   452
  Block: Buckler           |       |       |       |    30 ||    30

Table legend: (Time is in decaauts)
 A = Elapsed time spent in this place.
 B = Non-inter-level travel time spent in this place.
 C = Inter-level travel time spent in this place.
 D = Time resting spent in this place.
 E = Time spent auto-exploring this place.
 F = Levels seen in this place.
 G = Mean time per level.
                   A        B        C        D        E       F      G
               +--------+--------+--------+--------+--------+-----+--------+
         Total |  13057 |  12317 |    740 |    590 |   8272 |  14 |  932.6 |
       Dungeon |  13055 |  12315 |    740 |    590 |   8272 |  13 | 1004.2 |
        Temple |      1 |      1 |      0 |      0 |      0 |   1 |    1.0 |
               +--------+--------+--------+--------+--------+-----+--------+

Top non-repeatable levels by time:
    D:10: 1805 daAuts
     D:5: 1298 daAuts
     D:6: 1198 daAuts
     D:3: 1141 daAuts
     D:4: 1110 daAuts
    D:12: 1018 daAuts
     D:7: 968 daAuts
     D:9: 884 daAuts
     D:2: 841 daAuts
    D:11: 826 daAuts
     D:8: 799 daAuts
     D:1: 740 daAuts
    D:13: 422 daAuts
  Temple: 1 daAuts
